 Dungeon Crawl Stone Soup version 0.31.0-12-g77e489cdc1 (webtiles) character file.

Game seed: 1291898410687972046

49 Gadfly the Covered (level 3, 0/23 HPs)
             Began as a Gargoyle Fighter on Mar 2, 2024.
             Slain by a gnoll
             ... wielding a +0 spear
              (4 damage)
             ... on level 2 of the Dungeon.
             The game lasted 00:01:20 (1263 turns).

Gadfly the Covered (Gargoyle Fighter)               Turns: 1263, Time: 00:01:21

Health: 0/23       AC: 10    Str: 17 (19) XL:     3   Next: 75%
Magic:  3/4        EV:  5    Int:  7 (8)  God:
Gold:   26         SH:  0    Dex:  9 (11) Spells: 0/2 levels left

rFire   . . .        a - +1 flail
rCold   + . .        c - +1 buckler
rNeg    + . .        b - +0 scale mail
rPois   ∞            (no helmet)
rElec   +            (no cloak)
rCorr   .            (no gloves)
SInv    .            (no boots)
Will    .....        (no amulet) Stlth
                     g - ring of protection from cold
HPRegen 0.23/turn    (no ring)
MPRegen 0.09/turn

%: no passive effects
@: held
A: sickness immunity, AC +3, negative energy resistance 1, electricity
resistance, torment resistance 1, petrification resistance
a: no special abilities


You were on level 2 of the Dungeon.
You visited 1 branch of the dungeon, and saw 2 of its levels.

You collected 26 gold pieces.

Inventory:

Hand Weapons
 a - a +1 flail (weapon)
Armour
 b - a +0 scale mail (worn)
 c - a +1 buckler (worn)
Jewellery
 g - a ring of protection from cold (left hand)
Scrolls
 f - 2 scrolls of vulnerability
 k - a scroll of teleportation {unknown}
Potions
 d - a potion of might
 e - a potion of curing {unknown}
 h - a potion of enlightenment {unknown}
 i - a potion of invisibility {unknown}
 j - a potion of haste {unknown}
 l - a potion of lignification {unknown}


   Skills:
 + Level 3.4 Fighting
 * Level 2.5 Maces & Flails
 + Level 3.5 Armour
 + Level 3.5 Shields
 * Level 1.3 Invocations
 * Level 1.2 Evocations


You couldn't memorise any spells.
You knew the following spells:

 Your Spells              Type           Power      Damage    Failure   Level
a - Blink                 Tloc           0%         N/A       96%         2

Your spell library contained the following spells:

 Spells                   Type           Power      Damage    Failure   Level
 Lesser Beckoning         Tloc           0%         N/A       96%         2
 Momentum Strike          Conj/Tloc      0%         3d8       96%         2


Dungeon Overview and Level Annotations

Branches:
Dungeon (2/15)

Altars:


Innate Abilities, Weirdness & Mutations

You are immune to sickness and miasma.
Your stone body is resilient. (AC +3)
You are immune to poison.
You resist negative energy. (rN+)
You are resistant to electric shocks. (rElec)
You are resistant to unholy torment.
You are immune to petrification.


Message History

You block the gnoll's attack. The gnoll barely misses you.
The gnoll hits you with a +0 club. The gnoll misses you.
The gnoll hits you from afar with a +0 spear.
You closely miss the gnoll.
The gnoll is severely wounded.
A dart slug comes into view.
The gnoll hits you with a +0 club. The gnoll hits you but does no damage.
The gnoll hits you from afar with a +0 spear.
You block the gnoll's attack.
You hit the gnoll.
You kill the gnoll!
The gnoll hits you with a +0 club.
The gnoll splashes around in the water.
The gnoll hits you from afar with a +0 spear.
You are too injured to fight recklessly!
You are too injured to fight recklessly!
You are too injured to fight recklessly!
You are too injured to fight recklessly!
You are too injured to fight recklessly!
You are too injured to fight recklessly!
You are too injured to fight recklessly!
You are too injured to fight recklessly!
You are too injured to fight recklessly!
You are too injured to fight recklessly!
You are too injured to fight recklessly!
You are too injured to fight recklessly!
You are too injured to fight recklessly!
You are too injured to fight recklessly!
You are too injured to fight recklessly!
You are too injured to fight recklessly!
You are too injured to fight recklessly!
Unknown command.
The gnoll throws a throwing net.
The throwing net hits you.
You become entangled in the net!
The gnoll attacks as it pursues you! The gnoll hits you but does no damage.
The gnoll attacks as it pursues you!
The gnoll hits you from afar with a +0 spear.
* * * LOW HITPOINT WARNING * * *
You see here a throwing net.
You struggle against the net.
The gnoll hits you but does no damage.
The gnoll hits you from afar with a +0 spear.
You die...

#.##.### #.##.# ~~~~#
#.##.########
~~~~~##...........#######
~~~~~~##................#
~~~~~~~#.##.#####.#####.#
~w~~~~~#.##.## #.# #.#
~~~~~~~#.#...####.# #.#
......g)@.........# #.#
......gg.#...###### #.#
~~~~~~~#.##.## #.#
~~~~~~~#.##.# #.#
~~~~~~~#.##.# #.#
~~~~~~#####.###########.#
~~~~~# #.............#
~~~~# ###############
~~~#


You could see 3 gnolls and a dart slug.

Vanquished Creatures
  A gnoll (D:2)
  An adder (D:2)
  A dart slug (D:1)
  4 bats (D:1)
  3 endoplasms
  A goblin (D:2)
  A hobgoblin (D:1)
  3 jackals (D:1)
  2 kobolds (D:1)
  2 quokkas
  4 ball pythons
  A frilled lizard (D:2)
  3 rats (D:1)
27 creatures vanquished.

Notes
Turn   | Place    | Note
-------+----------+-------------------------------------------
     0 | D:1      | Gadfly the Gargoyle Fighter began the quest for the Orb.
     0 | D:1      | Reached XP level 1. HP: 14/14 MP: 1/1
   141 | D:1      | Reached XP level 2. HP: 14/19 MP: 2/2
   262 | D:1      | Found a faded altar of an unknown god.
   594 | D:1      | Reached skill level 1 in Invocations
   655 | D:1      | Reached skill level 1 in Evocations
   995 | D:2      | Reached XP level 3. HP: 21/23 MP: 3/3
   999 | D:2      | Learned a level 2 spell: Blink
  1263 | D:2      | Slain by a gnoll

Illustrated notes

Levels and vault maps discovered:
D:1:      dreamdust_arrival_beginning_and_end, layout_loops_corners,
          hellmonk_ecumenical_altar_leap_of_faith
D:2:      kennysheep_big_flooded_room, layout_loops_ring,
          kennysheep_generic_room_3

Skill      XL: |  1  2 |
---------------+-------+-----
Invocations    | 1 |  1.3
Evocations     | 1 |  1.2
Fighting       | |  3.4
Maces & Flails | |  2.5
Armour         | |  3.5
Shields        | |  3.5

Action                     || total
---------------------------++-------
  Melee: Flail             ||    73
    Use: Scroll            ||     4
         Potion            ||     2
 Armour: Scale mail        ||    66
  Dodge: Dodged            ||    35
  Block: Buckler           ||    20
